 Dungeon Crawl Stone Soup version 0.25-a0-571-gb5e01bddfa (webtiles) character file.

Game seed: 15638781876540079492, levelgen mode: deterministic

0 drasked the Chopper (level 1, -2/19 HPs)
             Began as a Hill Orc Monk on Feb 29, 2020.
             Slain by a gnoll
             ... wielding a +0 club
              (3 damage)
             ... on level 1 of the Dungeon.
             The game lasted 00:00:23 (37 turns).

drasked the Chopper (Hill Orc Monk)                   Turns: 37, Time: 00:00:23

Health: -2/19      AC:  2    Str: 13    XL:     1   Next: 10%
Magic:  1/1        EV: 13    Int: 10    God:
Gold:   0          SH:  0    Dex: 13    Spells: 0/0 levels left

rFire    . . .     SeeInvis .   a - +0 hand axe
rCold    . . .     Gourm    .   (no shield)
rNeg     . . .     Faith    .   b - +0 robe
rPois    .         Spirit   .   (no helmet)
rElec    .         Reflect  .   (no cloak)
rCorr    .         Harm     .   (no gloves)
MR       .....                  (no boots)
Stlth    ++........             (no amulet)
HPRegen  0.06/turn              (no ring)
MPRegen  0.07/turn              (no ring)

@: no status effects
A: no striking features
a: no special abilities


You were on level 1 of the Dungeon.
You were not hungry.

You visited 1 branch of the dungeon, and saw 1 of its levels.

Inventory:

Hand Weapons
 a - a +0 hand axe (weapon)
Armour
 b - a +0 robe (worn)
Comestibles
 c - a chunk of flesh {@w0}
 e - a ration


   Skills:
 + Level 3.6 Fighting
 * Level 4.0 Axes
 - Level 2.4 Dodging
 - Level 1.5 Stealth


You couldn't memorise any spells.
You didn't know any spells.
Your spell library was empty.

Dungeon Overview and Level Annotations

Branches:
Dungeon (1/15)

Altars:


Message History

e - a ration Welcome, drasked the Hill Orc Monk.
Will you be the one to retrieve the legendary Orb of Zot from the depths?
Found a staircase leading out of the dungeon.
You open the door.
There is an open door here.
You open the door.
A bat comes into view.
There is an open door here.
A bat is nearby!
You don't know any spells.
The helpless bat fails to defend itself.
You hit the bat.
You kill the bat!
No target in view!
No target in view!
No target in view!
No target in view!
You butcher the bat corpse.
c - a chunk of flesh {@w0} You see here a bat skeleton. x2
A gnoll comes into view. It is wielding a +0 club.
The gnoll shouts!
An ooze comes into view.
There are monsters nearby!
There are monsters nearby!
There are monsters nearby! 2 rats and a kobold come into view.
You hit the gnoll. The gnoll hits you with a +0 club!
* * * LOW HITPOINT WARNING * * *
You barely miss the gnoll. The gnoll barely misses you.
You hit the gnoll. The gnoll closely misses you.
You hit the gnoll but do no damage. The gnoll hits you with a +0 club!
* * * LOW HITPOINT WARNING * * *
You closely miss the gnoll. The gnoll completely misses you.
The ooze quivers.
You hit the gnoll. The gnoll hits you with a +0 club.
* * * LOW HITPOINT WARNING * * *
You hit the gnoll but do no damage. The gnoll hits you with a +0 club.
You die...

#### ## #... K# ... ..# .#
#.# #.. .# #.# #.####..#
#.+ #..รท....# #.#
#..####.#
..##+##.#####....##.######
....(......@gr.J..........
.#####.##'##r...##.#.....
#...#.#...#..### ..? .r#
#.<.'.#...#..# ....r .
#...#.#...#.## .......
#####.#####.. .#....? ...
... ###.... ..## #... ....
###


You could see a gnoll, an ooze and 2 rats.

Levels and vault maps discovered:
D:1:      minmay_arrival_four_houses, layout_loops_ring, st_stairs_6

Notes
Turn   | Place    | Note
-------+----------+-------------------------------------------
     0 | D:1      | drasked the Hill Orc Monk began the quest for the Orb.
     0 | D:1      | Reached XP level 1. HP: 19/19 MP: 1/1
    19 | D:1      | Identified a +0 club
    20 | D:1      | Identified a +0 club
    36 | D:1      | HP: 1/19 [gnoll/+0 club (4)]
    37 | D:1      | Slain by a gnoll

Table legend:
 A = Turns spent in this place as a percentage of turns spent in the entire game.
 B = Non-inter-level travel turns spent in this place as a percentage of non-inter-level travel turns spent in the entire game.
 C = Inter-level travel turns spent in this place as a percentage of turns spent in this place.
 D = Turns resting spent in this place as a percentage of non-inter-level travel turns spent in this place.
 E = Turns spent auto-exploring this place as a percentage of non-inter-level travel turns spent in this place.
 F = Non-inter-level travel turns spent in this place divided by the number of levels of this place that you've seen.
                   A       B       C       D       E      F
               +-------+-------+-------+-------+-------+----------------------
         Total | 100.0 | 100.0 |   0.0 |   0.0 |  35.1 |  37.0
       Dungeon | 100.0 | 100.0 |   0.0 |   0.0 |  35.1 |  37.0
               +-------+-------+-------+-------+-------+----------------------

Table legend:
 A = Kills in this place as a percentage of kills in entire the game.
 B = Kills by you in this place as a percentage of kills by you in the entire game.
 C = Kills by friends in this place as a percentage of kills by friends in the entire game.
 D = Other kills in this place as a percentage of other kills in the entire game.
 E = Experience gained in this place as a percentage of experience gained in the entire game.
 F = Experience gained in this place divided by the number of levels of this place that you have seen.
                   A       B       C       D       E      F
               +-------+-------+-------+-------+-------+----------------------
         Total | 100.0 | 100.0 |   N/A |   N/A | 100.0 |   1.0
       Dungeon | 100.0 | 100.0 |   N/A |   N/A | 100.0 |   1.0
               +-------+-------+-------+-------+-------+----------------------

Action                   || total
-------------------------++-------
Melee: Hand axe          ||     8
 Stab: Sleeping          ||     1
Dodge: Dodged            ||     3

Vanquished Creatures
  A bat (D:1)
1 creature vanquished.
